| TOP OF THE 1ST |
|
Acapulco Locos batting - Pitching for Havana Conejitos : LHP Ricky Horton
|
|
Pitching: LHP Ricky Horton
|
|
|
Batting: RHB Heriberto Valdez
|
0-0: Called Strike 0-1: SINGLE (Line Drive, 8LS, EV 95.0 MPH)
|
|
Batting: RHB Dan Gladden
|
0-0: Ball 1-0: Ball 2-0: Foul Ball, location: 2F 2-1: Called Strike 2-2: Strikes out swinging
|
|
Batting: LHB Manny Leal
|
0-0: Called Strike 0-1: Ground out 4-3 (Groundball, 3D, EV 85.0 MPH) Heriberto Valdez to second
|
|
Batting: RHB Kurt Kingsolver
|
0-0: Ball 1-0: Ball 2-0: Called Strike 2-1: Foul Ball, location: 2F 2-2: Strikes out swinging
|
| Top of the 1st over - 0 runs, 1 hit, 0 errors, 1 left on base; Acapulco 0 - Havana 0 |
| BOTTOM OF THE 1ST |
|
Havana Conejitos batting - Pitching for Acapulco Locos : LHP Jordan Salaiz
|
|
Pitching: LHP Jordan Salaiz
|
|
|
Batting: RHB Jim Anderson
|
0-0: Ball 1-0: Ball 2-0: Ball 3-0: Called Strike 3-1: Base on Balls
|
|
Batting: RHB Jesus Alfaro
|
0-0: Ball 1-0: Called Strike 1-1: Grounds into double play, 5-4-3 (Groundball, 56, EV 91.9 MPH)
|
|
Batting: RHB Luis Gonzalez
|
0-0: Called Strike 0-1: Foul Ball, location: 2F 0-2: Strikes out swinging
|
| Bottom of the 1st over - 0 runs, 0 hits, 0 errors, 0 left on base; Acapulco 0 - Havana 0 |
| TOP OF THE 2ND |
|
Acapulco Locos batting - Pitching for Havana Conejitos : LHP Ricky Horton
|
|
Batting: RHB Gary Skow
|
0-0: Ball 1-0: Ball 2-0: Ball 3-0: Called Strike 3-1: Base on Balls
|
|
Batting: RHB Ray Smith
|
0-0: Ground out U3 (Groundball, 3, EV 90.0 MPH) Gary Skow to second
|
|
Batting: RHB Patrick Corcoran
|
0-0: Ball 1-0: Ball 2-0: Called Strike 2-1: Called Strike 2-2: Foul Ball, location: 2F 2-2: Ball 3-2: Strikes out swinging
|
|
Batting: RHB Alex Sanchez
|
0-0: Called Strike 0-1: Ground out 6-3 (Groundball, 6, EV 97.5 MPH)
|
| Top of the 2nd over - 0 runs, 0 hits, 0 errors, 1 left on base; Acapulco 0 - Havana 0 |
| BOTTOM OF THE 2ND |
|
Havana Conejitos batting - Pitching for Acapulco Locos : LHP Jordan Salaiz
|
|
Batting: LHB Jim Bennett
|
0-0: Ball 1-0: Ball 2-0: Called Strike 2-1: Called Strike 2-2: Ball 3-2: Base on Balls
|
|
Batting: RHB John Malkin
|
0-0: Ball 1-0: Foul Ball, location: 2F 1-1: Ball 2-1: Called Strike 2-2: Ball 3-2: Foul Ball, location: 2F 3-2: Base on Balls Jim Bennett to second
|
|
Batting: RHB Danny Huffstickler
|
0-0: Ball 1-0: Ball 2-0: Ball 3-0: Base on Balls Jim Bennett to third John Malkin to second
|
|
Batting: RHB Tracy Cowger
|
0-0: Fly out, F9 (Flyball, 9, EV 89.4 MPH)
|
|
Batting: SHB Bobby Ball
|
0-0: Ball 1-0: Called Strike 1-1: Foul Ball, location: 2F 1-2: Ball 2-2: Foul Ball, location: 2F 2-2: Ball 3-2: Grounds into double play, 6-4-3 (Groundball, 6, EV 80.6 MPH)
|
| Bottom of the 2nd over - 0 runs, 0 hits, 0 errors, 2 left on base; Acapulco 0 - Havana 0 |
| TOP OF THE 3RD |
|
Acapulco Locos batting - Pitching for Havana Conejitos : LHP Ricky Horton
|
|
Batting: RHB Ramon Lora
|
0-0: Fly out, F9 (Flyball, 9S, EV 89.4 MPH)
|
|
Batting: RHB Heriberto Valdez
|
0-0: Called Strike 0-1: Ground out 5-3 (Groundball, 56, EV 76.3 MPH)
|
|
Batting: RHB Dan Gladden
|
0-0: Foul Ball, location: 2F 0-1: Ball 1-1: Ground out 4-3 (Groundball, 4, EV 95.0 MPH)
|
| Top of the 3rd over - 0 runs, 0 hits, 0 errors, 0 left on base; Acapulco 0 - Havana 0 |
| BOTTOM OF THE 3RD |
|
Havana Conejitos batting - Pitching for Acapulco Locos : LHP Jordan Salaiz
|
|
Batting: SHB Julio Estrada
|
0-0: Ball 1-0: Ball 2-0: Foul Ball, location: 2F 2-1: Ball 3-1: Fly out, F9 (Flyball, 9S, EV 81.9 MPH)
|
|
Batting: RHB Jim Anderson
|
0-0: Foul Ball, location: 2F 0-1: Swinging Strike 0-2: Fly out, F3 (Popup, 3F, EV 59.4 MPH)
|
|
Batting: RHB Jesus Alfaro
|
0-0: Called Strike 0-1: Ball 1-1: Foul Ball, location: 2F 1-2: Foul Ball, location: 2F 1-2: Ball 2-2: Ball 3-2: Ground out 5-3 (Groundball, 56, EV 94.4 MPH)
|
| Bottom of the 3rd over - 0 runs, 0 hits, 0 errors, 0 left on base; Acapulco 0 - Havana 0 |
| TOP OF THE 4TH |
|
Acapulco Locos batting - Pitching for Havana Conejitos : LHP Ricky Horton
|
|
Batting: LHB Manny Leal
|
0-0: Ball 1-0: SINGLE (Groundball, 34D, EV 102.5 MPH)
|
|
Batting: RHB Kurt Kingsolver
|
0-0: Called Strike 0-1: Ball 1-1: Ball 2-1: Foul Ball, location: 2F 2-2: Ball 3-2: Base on Balls Manny Leal to second
|
|
Batting: RHB Gary Skow
|
0-0: SINGLE (Line Drive, 4MD, EV 101.3 MPH) Manny Leal to third Kurt Kingsolver to second
|
|
Batting: RHB Ray Smith
|
0-0: Ball 1-0: Reached on error, E5 (Groundball, 56, EV 89.4 MPH) Manny Leal scores Kurt Kingsolver to third Gary Skow to second
|
|
Batting: RHB Patrick Corcoran
|
0-0: Called Strike 0-1: Fly out, F9 (Flyball, 9S, EV 86.9 MPH)
|
|
Batting: RHB Alex Sanchez
|
0-0: Called Strike 0-1: Called Strike 0-2: DOUBLE (Line Drive, 7LS, EV 100.6 MPH) Kurt Kingsolver scores Gary Skow scores Ray Smith to third
|
|
Batting: RHB Ramon Lora
|
0-0: Ball 1-0: Called Strike 1-1: Foul Ball, location: 2F 1-2: Ball Wild Pitch! Ray Smith scores Alex Sanchez to third 2-2: SINGLE (Groundball, 56D, EV 103.1 MPH) Alex Sanchez scores
|
|
Pitching: LHP Jack W O'Connor
|
|
|
Batting: RHB Heriberto Valdez
|
0-0: Ball 1-0: Foul Ball, location: 2F 1-1: Ball 2-1: Ball 3-1: Base on Balls Ramon Lora to second
|
|
Batting: RHB Dan Gladden
|
0-0: Ball 1-0: Fly out, F8 (Flyball, 8RM, EV 91.3 MPH)
|
|
Batting: LHB Manny Leal
|
0-0: Called Strike 0-1: Ground out U3 (Groundball, 3L, EV 90.6 MPH)
|
| Top of the 4th over - 5 runs, 4 hits, 1 error, 2 left on base; Acapulco 5 - Havana 0 |
| BOTTOM OF THE 4TH |
|
Havana Conejitos batting - Pitching for Acapulco Locos : LHP Jordan Salaiz
|
|
Batting: RHB Luis Gonzalez
|
0-0: Called Strike 0-1: Swinging Strike 0-2: Ball 1-2: Ball 2-2: Strikes out swinging
|
|
Batting: LHB Jim Bennett
|
0-0: Called Strike 0-1: Ball 1-1: Swinging Strike 1-2: Ball 2-2: Strikes out swinging
|
|
Batting: RHB John Malkin
|
0-0: Fly out, F9 (Flyball, 9LMF, EV 96.9 MPH)
|
| Bottom of the 4th over - 0 runs, 0 hits, 0 errors, 0 left on base; Acapulco 5 - Havana 0 |
| TOP OF THE 5TH |
|
Acapulco Locos batting - Pitching for Havana Conejitos : LHP Jack W O'Connor
|
|
Batting: RHB Kurt Kingsolver
|
0-0: Ball 1-0: Ball 2-0: Called Strike 2-1: Called Strike 2-2: Strikes out looking
|
|
Batting: RHB Gary Skow
|
0-0: Ball 1-0: Ball 2-0: Ball 3-0: Called Strike 3-1: Called Strike 3-2: Fly out, F9 (Line Drive, 9, EV 105.6 MPH)
|
|
Batting: RHB Ray Smith
|
0-0: SINGLE (Line Drive, 34D, EV 98.1 MPH)
|
|
Batting: RHB Patrick Corcoran
|
0-0: Ball 1-0: Called Strike 1-1: Foul Ball, location: 2F 1-2: Ball 2-2: Ball 3-2: Foul Ball, location: 2F 3-2: SINGLE (Groundball, 6D, EV 96.9 MPH) Ray Smith to second Ray Smith to third
|
|
Batting: RHB Alex Sanchez
|
0-0: Called Strike 0-1: Ball 1-1: Ball 2-1: Ball 3-1: Base on Balls Patrick Corcoran to second
|
|
Batting: RHB Ramon Lora
|
0-0: Foul Ball, location: 2F 0-1: Swinging Strike 0-2: Ball 1-2: Ball 2-2: Foul Ball, location: 2F 2-2: Strikes out swinging
|
| Top of the 5th over - 0 runs, 2 hits, 0 errors, 3 left on base; Acapulco 5 - Havana 0 |
| BOTTOM OF THE 5TH |
|
Havana Conejitos batting - Pitching for Acapulco Locos : LHP Jordan Salaiz
|
|
Batting: RHB Danny Huffstickler
|
0-0: Called Strike 0-1: Ball 1-1: Called Strike 1-2: Ball 2-2: Ball 3-2: Base on Balls
|
|
Batting: RHB Tracy Cowger
|
0-0: Ball 1-0: Swinging Strike 1-1: Fly out, F8 (Line Drive, 8RD, EV 98.1 MPH)
|
|
Batting: SHB Bobby Ball
|
0-0: Swinging Strike 0-1: SINGLE (Line Drive, 34D, EV 94.4 MPH) Danny Huffstickler to second Runner from 2nd tries for 3rd, SAFE, throw by RF made to third
|
|
Batting: SHB Julio Estrada
|
0-0: Called Strike 0-1: Fly out, F9 (Flyball, 9LS, EV 88.8 MPH)
|
|
Batting: RHB Jim Anderson
|
0-0: Called Strike 0-1: Ball Bobby Ball steals 2nd, throwing error, E2 Danny Huffstickler scores Bobby Ball to third 1-1: Ball 2-1: Called Strike 2-2: Fly out, F8 (Flyball, 8RD, EV 102.5 MPH)
|
| Bottom of the 5th over - 1 run, 1 hit, 1 error, 1 left on base; Acapulco 5 - Havana 1 |
| TOP OF THE 6TH |
|
Acapulco Locos batting - Pitching for Havana Conejitos : LHP Jack W O'Connor
|
|
Batting: RHB Heriberto Valdez
|
0-0: Ball 1-0: Called Strike 1-1: Swinging Strike 1-2: Ground out 5-3 (Groundball, 56S, EV 66.3 MPH)
|
|
Batting: RHB Dan Gladden
|
0-0: Ball 1-0: Ball 2-0: Called Strike 2-1: Ball 3-1: Foul Ball, location: 2F 3-2: Foul Ball, location: 2F 3-2: Ground out 4-3 (Groundball, 4, EV 98.8 MPH)
|
|
Batting: LHB Manny Leal
|
0-0: Called Strike 0-1: Ball 1-1: Foul Ball, location: 2F 1-2: Ball 2-2: Foul Ball, location: 2F 2-2: Strikes out looking
|
| Top of the 6th over - 0 runs, 0 hits, 0 errors, 0 left on base; Acapulco 5 - Havana 1 |
| BOTTOM OF THE 6TH |
|
Havana Conejitos batting - Pitching for Acapulco Locos : LHP Jordan Salaiz
|
|
Batting: RHB Jesus Alfaro
|
0-0: Ball 1-0: Foul Ball, location: 2F 1-1: Ball 2-1: Foul Ball, location: 2F 2-2: Foul Ball, location: 2F 2-2: Ground out 4-3 (Groundball, 4M, EV 83.1 MPH)
|
|
Batting: RHB Luis Gonzalez
|
0-0: SINGLE (Groundball, 3D, EV 95.6 MPH)
|
|
Batting: LHB Jim Bennett
|
0-0: Ball 1-0: Foul Ball, location: 2F 1-1: Ball 2-1: Ball 3-1: Foul Ball, location: 2F 3-2: Foul Ball, location: 2F 3-2: Base on Balls Luis Gonzalez to second
|
|
Batting: RHB John Malkin
|
0-0: Ball 1-0: Foul Ball, location: 2F 1-1: Swinging Strike 1-2: Ball 2-2: Foul Ball, location: 2F 2-2: Foul Ball, location: 2F 2-2: SINGLE (Groundball, 4MD, EV 100.0 MPH) Luis Gonzalez to third Jim Bennett to second Runner from 3rd tries for Home, SAFE, throw by CF to home
|
|
Batting: RHB Danny Huffstickler
|
0-0: Foul Ball, location: 2F 0-1: Foul Ball, location: 2F 0-2: Foul Ball, location: 2F 0-2: Ball 1-2: Ball 2-2: Ball 3-2: Foul Ball, location: 2F 3-2: Base on Balls Jim Bennett to third John Malkin to second
|
|
Batting: RHB Tracy Cowger
|
0-0: Foul Ball, location: 2F 0-1: Ball 1-1: SINGLE (Groundball, 56, EV 103.1 MPH) Jim Bennett scores John Malkin to third Danny Huffstickler to second Runner from 3rd tries for Home, SAFE, throw by LF to home
|
|
Batting: SHB Bobby Ball
|
0-0: Called Strike 0-1: Ball 1-1: Ball 2-1: Ball 3-1: Fly out, F7 (Flyball, 7S, EV 89.4 MPH)
|
|
Batting: SHB Julio Estrada
|
0-0: Called Strike 0-1: Ball 1-1: Swinging Strike 1-2: Ball 2-2: DOUBLE (Groundball, 3L, EV 109.4 MPH) Danny Huffstickler scores Tracy Cowger to third Runner from 3rd tries for Home, SAFE, throw by RF to home
|
|
Pitching: RHP Alexis Roselli
|
|
|
Batting: RHB Jim Anderson
|
0-0: Foul Ball, location: 2F 0-1: Ball 1-1: Called Strike 1-2: Foul Ball, location: 2F 1-2: Strikes out swinging
|
| Bottom of the 6th over - 5 runs, 4 hits, 0 errors, 1 left on base; Acapulco 5 - Havana 6 |
| TOP OF THE 7TH |
|
Acapulco Locos batting - Pitching for Havana Conejitos : LHP Jack W O'Connor
|
|
Batting: RHB Kurt Kingsolver
|
0-0: Called Strike 0-1: Ball 1-1: Swinging Strike 1-2: Ball 2-2: Ball 3-2: Base on Balls
|
|
Pitching: RHP Craig Eaton
|
|
|
Batting: RHB Gary Skow
|
0-0: Ball Wild Pitch! Kurt Kingsolver to second 1-0: Called Strike 1-1: Ground out 4-3 (Groundball, 34, EV 82.5 MPH) Kurt Kingsolver to third
|
|
Pinch Hitting: SHB Gary Pellant
|
0-0: Ball 1-0: Called Strike 1-1: Ball 2-1: Fly out, F7 (Flyball, 7LSF, EV 81.9 MPH)
|
|
Pinch Hitting: LHB Jared Martin
|
0-0: Called Strike 0-1: Ground out 4-3 (Groundball, 4, EV 90.6 MPH)
|
| Top of the 7th over - 0 runs, 0 hits, 0 errors, 1 left on base; Acapulco 5 - Havana 6 |
| BOTTOM OF THE 7TH |
|
Havana Conejitos batting - Pitching for Acapulco Locos : RHP Alexis Roselli
|
|
Now at 1B: Jeff Smith
|
|
|
Now at 3B: Gary Pellant
|
|
|
Batting: RHB Jesus Alfaro
|
0-0: Ball 1-0: SINGLE (Line Drive, 8RS, EV 98.1 MPH)
|
|
Batting: RHB Luis Gonzalez
|
0-0: SINGLE (Line Drive, 8LS, EV 90.6 MPH) Jesus Alfaro to second
|
|
Batting: LHB Jim Bennett
|
0-0: Called Strike 0-1: Ball 1-1: Ball 2-1: Foul Ball, location: 2F 2-2: Foul Ball, location: 2F 2-2: Ball 3-2: Foul Ball, location: 2F 3-2: SINGLE (Line Drive, 34D, EV 98.8 MPH) Jesus Alfaro to third Luis Gonzalez to second
|
|
Batting: RHB John Malkin
|
0-0: Foul Ball, location: 2F 0-1: Fly out, F9 (Line Drive, 9, EV 88.8 MPH) Runner from 3rd tags up, OUT at HOME! 9-2 Luis Gonzalez to third Jim Bennett to second
|
|
Batting: RHB Danny Huffstickler
|
0-0: Foul Ball, location: 2F 0-1: Swinging Strike 0-2: Strikes out swinging
|
| Bottom of the 7th over - 0 runs, 3 hits, 0 errors, 2 left on base; Acapulco 5 - Havana 6 |
| TOP OF THE 8TH |
|
Acapulco Locos batting - Pitching for Havana Conejitos : RHP Craig Eaton
|
|
Batting: RHB Alex Sanchez
|
0-0: SINGLE (Groundball, 56D, EV 105.0 MPH)
|
|
Pinch Hitting: LHB Juan Zavala
|
0-0: Ball 1-0: Called Strike 1-1: Bunted foul 1-2: Ball 2-2: DOUBLE (Flyball, 78D, EV 88.8 MPH) Alex Sanchez to third
|
|
Batting: RHB Heriberto Valdez
|
0-0: Called Strike 0-1: Ball 1-1: Ball 2-1: Reached on error, E5 (Groundball, 56S, EV 68.1 MPH) Alex Sanchez scores Juan Zavala to third
|
|
Batting: RHB Dan Gladden
|
0-0: Called Strike 0-1: Called Strike 0-2: Strikes out swinging
|
|
Batting: LHB Manny Leal
|
0-0: Ball 1-0: Fly out, F7 (Flyball, 7LDF, EV 108.1 MPH) Runner from 3rd tags up, SCORES, no throw by LF
|
|
Batting: RHB Kurt Kingsolver
|
0-0: Ball 1-0: Foul Ball, location: 2F 1-1: Foul Ball, location: 2F 1-2: Strikes out swinging
|
| Top of the 8th over - 2 runs, 2 hits, 1 error, 1 left on base; Acapulco 7 - Havana 6 |
| BOTTOM OF THE 8TH |
|
Havana Conejitos batting - Pitching for Acapulco Locos : RHP Alexis Roselli
|
|
Now in LF: Bob Osentoski
|
|
|
Batting: RHB Tracy Cowger
|
0-0: SINGLE (Groundball, 56D, EV 111.9 MPH)
|
|
Pitching: RHP Eddie Reidy
|
|
|
Batting: SHB Bobby Ball
|
0-0: Ball 1-0: Ball 2-0: DOUBLE (Flyball, 89XD, EV 86.9 MPH) Tracy Cowger to third
|
|
Pinch Hitting: LHB Fernando Vazquez
|
0-0: Swinging Strike 0-1: Foul Ball, location: 2F 0-2: Strikes out swinging
|
|
Batting: RHB Jim Anderson
|
0-0: Called Strike 0-1: Ball 1-1: Foul Ball, location: 2F 1-2: Fly out, F8 (Flyball, 8LD, EV 100.0 MPH) Runner from 3rd tags up, SCORES, no throw by CF
|
|
Batting: RHB Jesus Alfaro
|
0-0: Ball 1-0: Called Strike 1-1: Fly out, F9 (Flyball, 89M, EV 85.0 MPH)
|
| Bottom of the 8th over - 1 run, 2 hits, 0 errors, 1 left on base; Acapulco 7 - Havana 7 |
| TOP OF THE 9TH |
|
Acapulco Locos batting - Pitching for Havana Conejitos : RHP Craig Eaton
|
|
Now in RF: Fernando Vazquez
|
|
|
Batting: RHB Gary Skow
|
0-0: Ball 1-0: Ball 2-0: Ball 3-0: Called Strike 3-1: SINGLE (Line Drive, 56D, EV 96.3 MPH)
|
|
Pitching: LHP Pat Underwood
|
|
|
Batting: SHB Gary Pellant
|
0-0: Foul Ball, location: 2F 0-1: Fly out, F8 (Flyball, 8RS, EV 84.4 MPH)
|
|
Pinch Hitting: RHB Michael Ventress
|
0-0: Called Strike 0-1: Foul Ball, location: 2F 0-2: Fly out, F9 (Flyball, 89D, EV 95.0 MPH)
|
|
Batting: RHB Alex Sanchez
|
0-0: Ball 1-0: Ball 2-0: Ball 3-0: Called Strike 3-1: Ground out U3 (Groundball, 3, EV 85.0 MPH)
|
| Top of the 9th over - 0 runs, 1 hit, 0 errors, 1 left on base; Acapulco 7 - Havana 7 |
| BOTTOM OF THE 9TH |
|
Havana Conejitos batting - Pitching for Acapulco Locos : RHP Eddie Reidy
|
|
Now at 1B: John Scoras
|
|
|
Batting: RHB Luis Gonzalez
|
0-0: Called Strike 0-1: Swinging Strike 0-2: Foul Ball, location: 2F 0-2: Ball 1-2: Ball 2-2: Ball 3-2: Ground out 6-3 (Groundball, 6, EV 101.9 MPH)
|
|
Batting: LHB Jim Bennett
|
0-0: Called Strike 0-1: Ball 1-1: Foul Ball, location: 2F 1-2: Ball 2-2: Strikes out looking
|
|
Batting: RHB John Malkin
|
0-0: Ball 1-0: Foul Ball, location: 2F 1-1: Swinging Strike 1-2: Strikes out swinging
|
| Bottom of the 9th over - 0 runs, 0 hits, 0 errors, 0 left on base; Acapulco 7 - Havana 7 |
| TOP OF THE 10TH |
|
Acapulco Locos batting - Pitching for Havana Conejitos : LHP Pat Underwood
|
|
Batting: LHB Bob Osentoski
|
0-0: Ball 1-0: Fly out, F7 (Flyball, 7LS, EV 86.3 MPH)
|
|
Batting: RHB Heriberto Valdez
|
0-0: Called Strike 0-1: Swinging Strike 0-2: Ground out 6-3 (Groundball, 6, EV 83.8 MPH)
|
|
Batting: RHB Dan Gladden
|
0-0: Bunted foul 0-1: Ball 1-1: Ball 2-1: Foul Ball, location: 2F 2-2: Strikes out swinging
|
| Top of the 10th over - 0 runs, 0 hits, 0 errors, 0 left on base; Acapulco 7 - Havana 7 |
| BOTTOM OF THE 10TH |
|
Havana Conejitos batting - Pitching for Acapulco Locos : RHP Eddie Reidy
|
|
Pitching: LHP Bill Bordley
|
|
|
Batting: RHB Danny Huffstickler
|
0-0: Ball 1-0: Ball 2-0: Called Strike 2-1: Foul Ball, location: 2F 2-2: Ball 3-2: Base on Balls
|
|
Batting: RHB Tracy Cowger
|
0-0: Called Strike 0-1: Ball 1-1: Ball 2-1: Grounds into double play, 5-4-3 (Groundball, 5, EV 83.8 MPH)
|
|
Pinch Hitting: RHB Marco Mosquera
|
0-0: Ball 1-0: Foul Ball, location: 2F 1-1: Called Strike 1-2: Strikes out looking
|
| Bottom of the 10th over - 0 runs, 0 hits, 0 errors, 0 left on base; Acapulco 7 - Havana 7 |
| TOP OF THE 11TH |
|
Acapulco Locos batting - Pitching for Havana Conejitos : LHP Pat Underwood
|
|
Pitching: RHP Dave Ford
|
|
|
Now in CF: Vern Thomas
|
|
|
Batting: LHB Manny Leal
|
0-0: Ball 1-0: Ground out 1-3 (Groundball, 13S, EV 65.0 MPH)
|
|
Batting: RHB Kurt Kingsolver
|
0-0: Ball 1-0: Ball 2-0: Fly out, F3 (Line Drive, 3, EV 64.4 MPH)
|
|
Batting: RHB Gary Skow
|
0-0: Ball 1-0: Fly out, F8 (Flyball, 8LS, EV 91.3 MPH)
|
| Top of the 11th over - 0 runs, 0 hits, 0 errors, 0 left on base; Acapulco 7 - Havana 7 |
| BOTTOM OF THE 11TH |
|
Havana Conejitos batting - Pitching for Acapulco Locos : LHP Bill Bordley
|
|
Batting: LHB Fernando Vazquez
|
0-0: Foul Ball, location: 2F 0-1: Ball 1-1: Ground out U3 (Groundball, 3L, EV 85.0 MPH)
|
|
Batting: RHB Jim Anderson
|
0-0: Ball 1-0: Swinging Strike 1-1: Swinging Strike 1-2: Ball 2-2: SINGLE (Groundball, 34D, EV 100.0 MPH)
|
|
Batting: RHB Jesus Alfaro
|
0-0: Ball 1-0: Ground out 5-3 (Groundball, 5S, EV 70.6 MPH) Jim Anderson to second
|
|
Batting: RHB Luis Gonzalez
|
0-0: Intentional Walk
|
|
Batting: LHB Jim Bennett
|
0-0: Foul Ball, location: 2F 0-1: Swinging Strike 0-2: Ball 1-2: Ball 2-2: Ball 3-2: Foul Ball, location: 2F 3-2: Base on Balls Jim Anderson to third Luis Gonzalez to second
|
|
Batting: RHB John Malkin
|
0-0: Called Strike 0-1: Ball 1-1: Foul Ball, location: 2F 1-2: Foul Ball, location: 2F 1-2: Fly out, F2 (Popup, 2LF, EV 87.5 MPH)
|
| Bottom of the 11th over - 0 runs, 1 hit, 0 errors, 3 left on base; Acapulco 7 - Havana 7 |
| TOP OF THE 12TH |
|
Acapulco Locos batting - Pitching for Havana Conejitos : RHP Dave Ford
|
|
Batting: SHB Gary Pellant
|
0-0: Ball 1-0: Called Strike 1-1: Swinging Strike 1-2: Strikes out swinging
|
|
Batting: RHB John Scoras
|
0-0: Called Strike 0-1: Ball 1-1: Ball 2-1: Ball 3-1: Foul Ball, location: 2F 3-2: Foul Ball, location: 2F 3-2: DOUBLE (Groundball, 5L, EV 105.0 MPH)
|
|
Batting: RHB Alex Sanchez
|
0-0: Called Strike 0-1: Called Strike 0-2: Ball 1-2: Strikes out swinging
|
|
Batting: LHB Bob Osentoski
|
0-0: Called Strike 0-1: Fly out, F6 (Popup, P, EV 85.6 MPH)
|
| Top of the 12th over - 0 runs, 1 hit, 0 errors, 1 left on base; Acapulco 7 - Havana 7 |
| BOTTOM OF THE 12TH |
|
Havana Conejitos batting - Pitching for Acapulco Locos : LHP Bill Bordley
|
|
Pitching: RHP Marco Rojas
|
|
|
Batting: RHB Danny Huffstickler
|
0-0: Swinging Strike 0-1: Ball 1-1: Ball 2-1: Swinging Strike 2-2: Ball 3-2: Reached on error, E8 (Line Drive, 8LM, EV 101.3 MPH)
|
|
Batting: RHB Tracy Cowger
|
0-0: Ball 1-0: Ground out 6-3 (Groundball, 6, EV 83.1 MPH)
|
|
Batting: RHB Vern Thomas
|
0-0: Called Strike 0-1: Swinging Strike 0-2: Fly out, F4 (Popup, 3DF, EV 58.8 MPH)
|
|
Batting: LHB Fernando Vazquez
|
0-0: Intentional Walk
|
|
Batting: RHB Jim Anderson
|
0-0: Foul Ball, location: 2F 0-1: Swinging Strike 0-2: Ball 1-2: Ball 2-2: Fly out, F9 (Line Drive, 9D, EV 101.9 MPH)
|
| Bottom of the 12th over - 0 runs, 0 hits, 1 error, 2 left on base; Acapulco 7 - Havana 7 |
| TOP OF THE 13TH |
|
Acapulco Locos batting - Pitching for Havana Conejitos : RHP Dave Ford
|
|
Pitching: RHP Tony Archuleta
|
|
|
Batting: RHB Heriberto Valdez
|
0-0: Foul Ball, location: 2F 0-1: Ball 1-1: Ball 2-1: Foul Ball, location: 2F 2-2: Ball 3-2: Ground out 5-3 (Groundball, 56S, EV 88.1 MPH)
|
|
Batting: RHB Dan Gladden
|
0-0: Called Strike 0-1: Ball 1-1: Ground out 3-1 (Groundball, 34, EV 88.8 MPH)
|
|
Batting: LHB Manny Leal
|
0-0: Ball 1-0: Foul Ball, location: 2F 1-1: SINGLE (Groundball, 3D, EV 106.3 MPH)
|
|
Batting: RHB Kurt Kingsolver
|
0-0: Fielders Choice at 2nd, 5-4 (Groundball, 5L, EV 83.1 MPH)
|
| Top of the 13th over - 0 runs, 1 hit, 0 errors, 1 left on base; Acapulco 7 - Havana 7 |
| BOTTOM OF THE 13TH |
|
Havana Conejitos batting - Pitching for Acapulco Locos : RHP Marco Rojas
|
|
Batting: RHB Jesus Alfaro
|
0-0: Ball 1-0: Foul Ball, location: 2F 1-1: SINGLE (Groundball, 56D, EV 101.9 MPH)
|
|
Batting: RHB Luis Gonzalez
|
0-0: Ball 1-0: Grounds into double play, 5-4-3 (Groundball, 56, EV 91.3 MPH)
|
|
Batting: LHB Jim Bennett
|
0-0: Swinging Strike 0-1: Foul Ball, location: 2F 0-2: Ball 1-2: Ball 2-2: Strikes out swinging
|
| Bottom of the 13th over - 0 runs, 1 hit, 0 errors, 0 left on base; Acapulco 7 - Havana 7 |
| TOP OF THE 14TH |
|
Acapulco Locos batting - Pitching for Havana Conejitos : RHP Tony Archuleta
|
|
Batting: RHB Gary Skow
|
0-0: Ball 1-0: Ground out 6-3 (Groundball, 6, EV 86.9 MPH)
|
|
Batting: SHB Gary Pellant
|
0-0: Ball 1-0: Called Strike 1-1: Foul Ball, location: 2F 1-2: Strikes out swinging
|
|
Batting: RHB John Scoras
|
0-0: Swinging Strike 0-1: Called Strike 0-2: Ball 1-2: Strikes out looking
|
| Top of the 14th over - 0 runs, 0 hits, 0 errors, 0 left on base; Acapulco 7 - Havana 7 |
|
Saturday, June 6th, 2020 - OOTP Baseball 21.3 Build 54
|
|